 Dungeon Crawl Stone Soup version 0.30.0 (webtiles) character file.

Game seed: 6771664568106320127

1668 cheesebisquit the Skirmisher (level 9, -4/48 HPs)
             Began as a Gargoyle Hunter on May 6, 2023.
             Was an Initiate of Fedhas.
             Slain by a centaur
             ... wielding a +0 war axe
              (8 damage)
             ... on level 6 of the Dungeon.
             The game lasted 00:14:15 (4474 turns).

cheesebisquit the Skirmisher (Gargoyle Hunter)      Turns: 4474, Time: 00:14:16

Health: -4/48      AC: 12    Str: 15    XL:     9   Next: 1%
Magic:  0/9        EV: 12    Int: 10    God:    Fedhas [......]
Gold:   293        SH:  0    Dex: 17    Spells: 8/8 levels left

rFire   . . .        a - +0 shortbow
rCold   . . .        (shield currently unavailable)
rNeg    + . .        c - +0 leather armour
rPois   ∞            (no helmet)
rElec   +            (no cloak)
rCorr   .            i - +1 pair of gloves
SInv    .            C - +0 pair of boots
Will    .....        r - amulet of guardian spirit
Stlth   ++           (no ring)
HPRegen 0.28/turn    (no ring)
MPRegen 0.11/turn

%: guardian spirit
@: no status effects
A: sickness immunity, AC +6, negative energy resistance 1, electricity
resistance, torment resistance 1, petrification resistance
a: Renounce Religion


You were on level 6 of the Dungeon.
You worshipped Fedhas.
Fedhas was noncommittal.
You visited 2 branches of the dungeon, and saw 7 of its levels.

You collected 293 gold pieces.

Inventory:

Hand Weapons
 a - a +0 shortbow (weapon)
Missiles
 g - 2 throwing nets
 l - 3 curare-tipped darts
 p - 3 poisoned darts
Armour
 c - a +0 leather armour (worn)
 f - a +0 ring mail
 i - a +1 pair of gloves (worn)
 C - a +0 pair of boots (worn)
Jewellery
 r - an amulet of guardian spirit (around neck)
 B - a ring of ice
Wands
 m - a wand of flame (18)
Scrolls
 b - 2 scrolls of immolation
 d - a scroll of brand weapon {unknown}
 e - a scroll of poison {unknown}
 h - a scroll of fog {unknown}
 n - a scroll of amnesia {unknown}
 q - 3 scrolls of vulnerability
 t - a scroll of noise {unknown}
 u - a scroll of enchant armour {unknown}
 w - 2 scrolls of teleportation {unknown}
 y - a scroll of magic mapping {unknown}
 E - a scroll of fear {unknown}
Potions
 j - 4 potions of brilliance
 o - 2 potions of lignification {unknown}
 s - a potion of degeneration {unknown}
 v - a potion of haste {unknown}
 x - 2 potions of resistance
 z - a potion of cancellation {unknown}
 A - 2 potions of might {unknown}


   Skills:
 - Level 2.1 Fighting
 + Level 11.8 Ranged Weapons
 - Level 1.5 Dodging
 - Level 1.1 Stealth


You had 8 spell levels left.
You didn't know any spells.
Your spell library contained the following spells:

 Spells                   Type           Power      Damage    Failure   Level
 Summon Small Mammal      Summ           0%         N/A       43%         1
 Blink                    Tloc           0%         N/A       56%         2
 Lesser Beckoning         Tloc           0%         N/A       56%         2
 Momentum Strike          Conj/Tloc      0%         3d8       56%         2
 Scorch                   Fire           0%         2d5       56%         2
 Call Canine Familiar     Summ           0%         N/A       80%         3
 Summon Guardian Golem    Hex/Summ       0%         N/A       80%         3
 Flame Wave               Conj/Fire      0%         2d4       99%         4
 Summon Cactus Giant      Summ           0%         N/A       100%        6


Dungeon Overview and Level Annotations

Branches:
Dungeon (6/15)             Temple (1/1) D:5

Altars:
Ashenzari
Cheibriados
Dithmenos
Elyvilon
Fedhas
Gozag
Hepliaklqana
Kikubaaqudgha
Nemelex Xobeh
Okawaru
Qazlal
Ru
Sif Muna
Trog
Uskayaw
Vehumet
Wu Jian
Xom
Yredelemnul
Zin


Innate Abilities, Weirdness & Mutations

You are immune to sickness and miasma.
Your stone body is resilient. (AC +6)
You are immune to poison.
You resist negative energy. (rN+)
You are resistant to electric shocks. (rElec)
You are resistant to unholy torment.
You are immune to petrification.


Message History

Fire: a) +0 shortbow
Press: ? - help, Q - select action, (/) - cycle Shift-Dir - straight line, f/p - orc warrior
Aim: an orc warrior, wielding a +0 trident and wearing a +0 chain mail (almost dead, 62% to hit)
You shoot an arrow. The arrow hits the kobold brigand!
You kill the kobold brigand!
Fedhas appreciates your contribution to the ecosystem.
The orc warrior hits you from afar with a +0 trident.
* * * LOW HITPOINT WARNING * * *
Fire: a) +0 shortbow
Press: ? - help, Q - select action, (/) - cycle Shift-Dir - straight line, f/p - orc warrior
Aim: an orc warrior, wielding a +0 trident and wearing a +0 chain mail (almost dead, 62% to hit)
You shoot an arrow. The arrow hits the orc warrior!
You kill the orc warrior!
Fedhas appreciates your contribution to the ecosystem.
You have reached level 9!
Your experience leads to an increase in your attributes!
Increase (S)trength, (I)ntelligence, or (D)exterity?
You feel agile. x2
A centaur comes into view. It is wielding a +0 war axe.
You start resting.
A centaur is nearby!
You shoot an arrow. The centaur shouts!
The arrow hits the centaur but does no damage.
The centaur hits you with a +0 war axe!
* * * LOW HITPOINT WARNING * * *
The centaur completely misses you.
The centaur drinks a potion.
The centaur goes berserk!
Okay, then.
Okay, then.
You shoot an arrow. The arrow hits the centaur.
The centaur is lightly wounded.
The centaur barely misses you. The centaur closely misses you.
The centaur barely misses you. x2
You shoot an arrow. The arrow hits the centaur!
The centaur is moderately wounded.
The centaur misses you. The centaur barely misses you.
The centaur hits you with a +0 war axe!
You die...
Fedhas appreciates your contribution to the ecosystem.

.........## #.....#
.........###### ##...###
...............##...##
....>.....####.....########
...#..<.......#............
.#.....##..##....##........
.##........##..#.##........
.#...########..#.##.....(..
.#...# #....@#.........
.....# #.#.c##.........
.....# #...).####....
...... #.###)........ #..
#.. ...c.###.# #.# #.###)#
.. #. .. ).. #. ... ... ..
... ...


You could see a centaur (berserk).

Vanquished Creatures
  Grinder (D:3)
  Sigmund (D:2)
  Menkaure (D:6)
  A water moccasin (D:5)
  An orc warrior (D:6)
  A black bear (D:5)
  An ice beast (D:6)
  An ogre (D:5)
  A kobold brigand (D:6)
  A bullfrog (D:6)
  3 orc priests
  4 hounds (D:5)
  A jelly (D:5)
  2 orc wizards
  Natasha (thrice) (D:4)
  7 gnolls
  5 adders
  3 white imps
  A worm (D:2)
  A dart slug (D:3)
  9 orcs
  9 endoplasms
  13 giant cockroaches
  4 goblins
  6 hobgoblins
  6 jackals
  8 kobolds
  5 quokkas
  7 ball pythons
  2 bats
  3 frilled lizards
  4 rats
116 creatures vanquished.

Notes
Turn   | Place    | Note
-------+----------+-------------------------------------------
     0 | D:1      | cheesebisquit the Gargoyle Hunter began the quest for the
                  | Orb.
     0 | D:1      | Reached XP level 1. HP: 12/12 MP: 1/1
    80 | D:1      | Reached XP level 2. HP: 17/17 MP: 2/2
   339 | D:1      | Reached XP level 3. HP: 19/21 MP: 3/3
   400 | D:1      | Reached skill level 5 in Ranged Weapons
   426 | D:1      | You fall into a shaft and drop 1 floor!
   577 | D:2      | Noticed Sigmund
   591 | D:2      | Killed Sigmund
   592 | D:2      | Reached skill level 6 in Ranged Weapons
   592 | D:2      | Reached XP level 4. HP: 5/26 MP: 4/4
   592 | D:2      | Reached XP level 5. HP: 6/30 MP: 5/5
  1382 | D:2      | Reached skill level 7 in Ranged Weapons
  1665 | D:3      | Reached XP level 6. HP: 35/35 MP: 6/6
  1759 | D:3      | Noticed Grinder
  1760 | D:3      | Paralysed by Grinder for 3 turns
  1771 | D:3      | Paralysed by Grinder for 5 turns
  1780 | D:3      | Killed Grinder
  1781 | D:3      | Reached skill level 8 in Ranged Weapons
  1927 | D:3      | Found a faded altar of an unknown god.
  2016 | D:3      | Reached XP level 7. HP: 40/40 MP: 7/7
  2431 | D:4      | Noticed Natasha
  2458 | D:4      | Killed Natasha
  2694 | D:4      | Noticed Natasha
  2702 | D:4      | Killed Natasha
  2746 | D:4      | Noticed Natasha
  2753 | D:4      | Killed Natasha
  2884 | D:4      | Found a radiant altar of Vehumet.
  2884 | D:4      | Found a stormy altar of Qazlal.
  2978 | D:5      | Entered Level 5 of the Dungeon
  3089 | D:4      | Reached skill level 9 in Ranged Weapons
  3376 | D:5      | Reached XP level 8. HP: 32/44 MP: 5/8
  3555 | D:5      | Reached skill level 10 in Ranged Weapons
  3603 | D:5      | Found a staircase to the Ecumenical Temple.
  3617 | Temple   | Entered the Ecumenical Temple
  3761 | Temple   | Became a worshipper of Fedhas Madash
  4365 | D:6      | Noticed Menkaure
  4372 | D:6      | Killed Menkaure
  4373 | D:6      | Reached skill level 11 in Ranged Weapons
  4454 | D:6      | Reached XP level 9. HP: 4/48 MP: 1/9
  4474 | D:6      | Slain by a centaur

Illustrated notes

Levels and vault maps discovered:
D:1:      psy_arrival_whirlpool, layout_rooms
D:2:      minmay_roachtagon, layout_basic, chequers_garden, uniq_sigmund
D:3:      layout_loops_ring, hellmonk_ecumenical_altar_arch_garden,
          minivault_27, uniq_grinder
D:4:      layout_basic, gammafunk_temple_overflow_wave, uniq_natasha
D:5:      layout_loops_ring, minmay_temple_entry_waves
D:6:      layout_rooms, uniq_menkaure, uniq_maggie
Temple:   mainiacjoe_temple_coin_purse

Skill      XL: |  1  2  3  4  5  6  7  8 |
---------------+-------------------------+-----
Ranged Weapons | 6 7 8 9 11 | 11.8
Fighting       | |  2.1
Dodging        | |  1.5
Stealth        | |  1.1

Action                     |  1- 3 |  4- 6 |  7- 9 || total
---------------------------+-------+-------+-------++-------
  Melee: Shortbow          |       |       |     4 ||     4
   Fire: Shortbow          |   114 |    67 |   296 ||   477
    Use: Scroll            |       |       |     5 ||     5
         Potion            |       |       |     9 ||     9
 Armour: Leather armour    |    27 |     8 |   101 ||   136
  Dodge: Dodged            |    55 |     7 |   135 ||   197
